[Event "FICS rated blitz game"]
[Site "FICS freechess.org"]
[FICSGamesDBGameNo "20001457"]
[White "giomar"]
[Black "GilaMonster"]
[WhiteElo "1228"]
[BlackElo "1298"]
[WhiteRD "na"]
[BlackRD "na"]
[TimeControl "180+12"]
[Date "1999.08.25"]
[Time "16:52:00"]
[WhiteClock "0:03:00.000"]
[BlackClock "0:03:00.000"]
[ECO "D13"]
[PlyCount "39"]
[Result "1-0"]

1. d4 d5 2. c4 c6 3. Nc3 Nf6 4. cxd5 cxd5 5. Nf3 Nc6 6. Bg5 e6 7. e3 Bb4 8. Qc2 h6 9. Bh4 O-O 10. a3 Be7 11. Bd3 Nh5 12. Bxe7 Qxe7 13. O-O e5 14. Nxd5 Qd6 15. Be4 Be6 16. Nc3 exd4 17. Rad1 Qe7 18. exd4 Bc4 19. Rfe1 Qe6 20. Bh7+ {Black forfeits on time} 1-0

[Event "FICS rated lightning game"]
[Site "FICS freechess.org"]
[FICSGamesDBGameNo "20001455"]
[White "Lilspud"]
[Black "GTB"]
[WhiteElo "1377"]
[BlackElo "1498"]
[WhiteRD "na"]
[BlackRD "na"]
[TimeControl "120+1"]
[Date "1999.08.25"]
[Time "16:51:00"]
[WhiteClock "0:02:00.000"]
[BlackClock "0:02:00.000"]
[ECO "B50"]
[PlyCount "61"]
[Result "1-0"]

1. e4 c5 2. Nf3 d6 3. Nc3 e6 4. Bb5+ Nc6 5. Bxc6+ bxc6 6. O-O d5 7. exd5 cxd5 8. d4 cxd4 9. Qxd4 Nf6 10. Qa4+ Bd7 11. Qd4 Qc7 12. Qe5 Bd6 13. Qd4 e5 14. Qd2 e4 15. Nxe4 Nxe4 16. Qe3 Bc5 17. Qe1 O-O 18. Be3 Bxe3 19. Qxe3 Qxc2 20. b3 Bg4 21. Rfc1 Qxc1+ 22. Rxc1 Bxf3 23. gxf3 Rfe8 24. Rd1 Rad8 25. Qxa7 Ng5 26. Qa5 Nxf3+ 27. Kg2 Nh4+ 28. Kg3 Nf5+ 29. Kg4 Nh6+ 30. Kh3 Re5 31. Qxd8+ {Black forfeits on time} 1-0

[Event "FICS rated standard game"]
[Site "FICS freechess.org"]
[FICSGamesDBGameNo "20001454"]
[White "maui"]
[Black "Rossella"]
[WhiteElo "1675"]
[BlackElo "1665"]
[WhiteRD "na"]
[BlackRD "na"]
[TimeControl "900+0"]
[Date "1999.08.25"]
[Time "15:34:00"]
[WhiteClock "0:15:00.000"]
[BlackClock "0:15:00.000"]
[ECO "A00"]
[PlyCount "77"]
[Result "0-1"]

1. e4 d5 2. Nc3 d4 3. Nd5 e5 4. Bb5+ c6 5. Nf6+ Nxf6 6. Bd3 c5 7. Qf3 Nc6 8. a3 Be6 9. Ne2 c4 10. c3 cxd3 11. Qxd3 Bc5 12. Qb5 Qb6 13. Qd3 dxc3 14. O-O cxd2 15. Qxd2 O-O 16. Ng3 Rad8 17. Qc3 Bd4 18. Qc2 Rc8 19. Qe2 Na5 20. Rb1 Bc4 21. Qd1 Bxf1 22. Kxf1 Bxf2 23. Nh5 Bh4 24. g3 Nxh5 25. Qxh5 Bf6 26. Bd2 Rc2 27. Qe2 Nb3 28. Bb4 Rxe2 29. Kxe2 Bg5 30. Bxf8 Qe3+ 31. Kf1 Nd2+ 32. Kg2 Qxe4+ 33. Kh3 Nxb1 34. Bb4 Qf5+ 35. Kg2 Qc2+ 36. Kh3 h5 37. g4 h4 38. Bd2 Nxd2 39. b3 {White resigns} 0-1

[Event "FICS rated blitz game"]
[Site "FICS freechess.org"]
[FICSGamesDBGameNo "20001453"]
[White "tuttu"]
[Black "Tuadan"]
[WhiteElo "1879"]
[BlackElo "1805"]
[WhiteRD "na"]
[BlackRD "na"]
[TimeControl "180+0"]
[Date "1999.08.25"]
[Time "08:52:00"]
[WhiteClock "0:03:00.000"]
[BlackClock "0:03:00.000"]
[ECO "B33"]
[PlyCount "76"]
[Result "0-1"]

1. e4 c5 2. Nf3 Nc6 3. d4 cxd4 4. Nxd4 Nf6 5. Nc3 e5 6. Ndb5 d6 7. Nd5 Nxd5 8. exd5 Ne7 9. c4 Ng6 10. Be2 Be7 11. O-O O-O 12. Be3 a6 13. Nc3 f5 14. f4 Bf6 15. Qd2 exf4 16. Bxf4 Nxf4 17. Qxf4 Be5 18. Qd2 Qh4 19. h3 Qg3 20. Bf3 f4 21. Ne4 Qg6 22. Kh2 Bf5 23. Rae1 Rae8 24. Nc3 Qg3+ 25. Kh1 Rf6 26. Ne4 Bxe4 27. Bxe4 f3 28. gxf3 Qxh3+ 29. Kg1 Rh6 30. Qg2 Bd4+ 31. Rf2 Qxg2+ 32. Kxg2 Bxf2 33. Kxf2 Rf6 34. Bxh7+ Kxh7 35. Rxe8 Rf4 36. b3 Rd4 37. Ke3 Rd1 38. Re7 Re1+ {White resigns} 0-1

[Event "FICS rated blitz game"]
[Site "FICS freechess.org"]
[FICSGamesDBGameNo "20001451"]
[White "DEVOURER"]
[Black "ChessTeacher"]
[WhiteElo "1570"]
[BlackElo "1488"]
[WhiteRD "na"]
[BlackRD "na"]
[TimeControl "180+0"]
[Date "1999.08.25"]
[Time "08:51:00"]
[WhiteClock "0:03:00.000"]
[BlackClock "0:03:00.000"]
[ECO "C56"]
[PlyCount "45"]
[Result "1-0"]

1. e4 e5 2. Nf3 Nc6 3. Bc4 Nf6 4. d4 exd4 5. O-O Nxe4 6. Re1 d5 7. Bxd5 Qxd5 8. Nc3 Qa5 9. Nxe4 Be6 10. Neg5 O-O-O 11. Bd2 Qd5 12. Nxe6 fxe6 13. Qe2 Bb4 14. Qxe6+ Kb8 15. Qxd5 Rxd5 16. Bxb4 Nxb4 17. Re2 Rhd8 18. a3 d3 19. cxd3 Nxd3 20. h3 Nf4 21. Re7 R5d7 22. Rae1 Ng6 23. Rxd7 {Black forfeits on time} 1-0

[Event "FICS rated standard game"]
[Site "FICS freechess.org"]
[FICSGamesDBGameNo "20001450"]
[White "jimmybadger"]
[Black "Eastwood"]
[WhiteElo "1960"]
[BlackElo "1934"]
[WhiteRD "na"]
[BlackRD "na"]
[TimeControl "900+0"]
[Date "1999.08.25"]
[Time "08:29:00"]
[WhiteClock "0:15:00.000"]
[BlackClock "0:15:00.000"]
[ECO "A31"]
[PlyCount "49"]
[Result "1-0"]

1. d4 Nf6 2. c4 c5 3. Nf3 cxd4 4. Nxd4 e5 5. Nc2 d5 6. cxd5 Qxd5 7. Bd2 Bc5 8. Nc3 Qc6 9. e3 a6 10. b4 Bb6 11. b5 Qc7 12. Bd3 O-O 13. O-O Rd8 14. Be2 Bf5 15. Qc1 axb5 16. Nb4 Na6 17. Nxa6 bxa6 18. Qb2 Ba5 19. Rac1 Qd7 20. Rfd1 Rac8 21. e4 Be6 22. Nd5 Bxd2 23. Rxc8 Qxc8 24. Ne7+ Kf8 25. Nxc8 {Black resigns} 1-0

[Event "FICS rated blitz game"]
[Site "FICS freechess.org"]
[FICSGamesDBGameNo "20001449"]
[White "DrBastard"]
[Black "nope"]
[WhiteElo "1583"]
[BlackElo "1689"]
[WhiteRD "na"]
[BlackRD "na"]
[TimeControl "180+0"]
[Date "1999.08.25"]
[Time "06:12:00"]
[WhiteClock "0:03:00.000"]
[BlackClock "0:03:00.000"]
[ECO "B23"]
[PlyCount "31"]
[Result "1-0"]

1. e4 c5 2. Nc3 Nc6 3. f4 d6 4. Nf3 Bg4 5. Bb5 a6 6. Bxc6+ bxc6 7. O-O Nf6 8. d3 g6 9. Qe1 Bg7 10. Qh4 Bxf3 11. Rxf3 O-O 12. f5 g5 13. Bxg5 d5 14. Rh3 h6 15. Bxh6 Bxh6 16. Qxh6 {Black resigns} 1-0

[Event "FICS rated blitz game"]
[Site "FICS freechess.org"]
[FICSGamesDBGameNo "20001448"]
[White "Verkkis"]
[Black "AlrickSphynx"]
[WhiteElo "1926"]
[BlackElo "1809"]
[WhiteRD "na"]
[BlackRD "na"]
[TimeControl "300+0"]
[Date "1999.08.25"]
[Time "05:45:00"]
[WhiteClock "0:05:00.000"]
[BlackClock "0:05:00.000"]
[ECO "C50"]
[PlyCount "82"]
[Result "0-1"]

1. e4 e5 2. Nf3 Nc6 3. Bc4 Nf6 4. d3 Bc5 5. Bg5 d6 6. h3 h6 7. Bh4 Be6 8. Bxe6 fxe6 9. c3 a5 10. d4 exd4 11. cxd4 Bb4+ 12. Nc3 g5 13. Bg3 Nxe4 14. O-O Bxc3 15. bxc3 Nxg3 16. fxg3 O-O 17. Qd3 Rf6 18. Nd2 Qe7 19. Ne4 Rxf1+ 20. Rxf1 Rf8 21. g4 b6 22. Ng3 Rxf1+ 23. Qxf1 Qf7 24. Qf3 Qxf3 25. gxf3 Ne7 26. Kf2 Nd5 27. Ne2 b5 28. Kg3 Kf7 29. f4 gxf4+ 30. Nxf4 Nxf4 31. Kxf4 Kf6 32. h4 c5 33. dxc5 dxc5 34. g5+ hxg5+ 35. hxg5+ Kg6 36. Ke5 b4 37. cxb4 cxb4 38. Kxe6 a4 39. Kd5 b3 40. axb3 axb3 41. Kc4 b2 {White resigns} 0-1

[Event "FICS rated lightning game"]
[Site "FICS freechess.org"]
[FICSGamesDBGameNo "20001447"]
[White "shant"]
[Black "honma"]
[WhiteElo "1302"]
[BlackElo "1402"]
[WhiteRD "na"]
[BlackRD "na"]
[TimeControl "120+0"]
[Date "1999.08.25"]
[Time "01:36:00"]
[WhiteClock "0:02:00.000"]
[BlackClock "0:02:00.000"]
[ECO "C20"]
[PlyCount "80"]
[Result "0-1"]

1. e4 e5 2. Qf3 Nc6 3. Bc4 Nf6 4. h4 Be7 5. Nh3 O-O 6. Ng5 d6 7. Bxf7+ Rxf7 8. Nxf7 Kxf7 9. g4 Nd4 10. Qe3 Nxg4 11. Qd3 Be6 12. Rg1 h5 13. c3 Nc6 14. Qe2 a6 15. d4 exd4 16. cxd4 Nxd4 17. Qd1 c5 18. Nd2 Bxh4 19. b3 Bxf2+ 20. Kf1 Bxg1 21. Kxg1 Qg5 22. Nf3 Qg6 23. Nxd4 Ne3+ 24. Kf2 Qg2+ 25. Kxe3 Bg4 26. Qd3 Qg3+ 27. Kd2 Qg2+ 28. Kc3 Rc8 29. Qc4+ d5 30. exd5 cxd4+ 31. Kxd4 Rxc4+ 32. Kxc4 Qe2+ 33. Kb4 Qb5+ 34. Ka3 a5 35. Kb2 a4 36. Kb1 Bf5+ 37. Kb2 Qb4 38. a3 Qd4+ 39. Ka2 Qd3 40. Bb2 axb3# {White checkmated} 0-1

[Event "FICS rated blitz game"]
[Site "FICS freechess.org"]
[FICSGamesDBGameNo "20001446"]
[White "charusek"]
[Black "rotty"]
[WhiteElo "1599"]
[BlackElo "1400"]
[WhiteRD "na"]
[BlackRD "na"]
[TimeControl "300+2"]
[Date "1999.08.24"]
[Time "22:58:00"]
[WhiteClock "0:05:00.000"]
[BlackClock "0:05:00.000"]
[ECO "B32"]
[PlyCount "60"]
[Result "0-1"]

1. e4 c5 2. Nf3 Nc6 3. d4 cxd4 4. c3 d3 5. Bxd3 a6 6. O-O g6 7. Be3 Bg7 8. Nbd2 b5 9. Nb3 d6 10. Nbd4 Bb7 11. a4 Nf6 12. axb5 Nxd4 13. Nxd4 O-O 14. bxa6 Bc8 15. b4 Ng4 16. b5 Nxe3 17. fxe3 Bxd4 18. exd4 Qb6 19. Kh1 e5 20. d5 Bd7 21. Rf6 Kg7 22. Qf3 Ra7 23. c4 Qd4 24. Rf1 Bc8 25. h4 Bxa6 26. bxa6 Kg8 27. h5 Kg7 28. hxg6 hxg6 29. Rxd6 Rh8+ 30. Qh3 Rxh3+ {White resigns} 0-1

[Event "FICS rated blitz game"]
[Site "FICS freechess.org"]
[FICSGamesDBGameNo "20001445"]
[White "Benkku"]
[Black "BernardLQ"]
[WhiteElo "1734"]
[BlackElo "1743"]
[WhiteRD "na"]
[BlackRD "na"]
[TimeControl "300+2"]
[Date "1999.08.24"]
[Time "16:49:00"]
[WhiteClock "0:05:00.000"]
[BlackClock "0:05:00.000"]
[ECO "A00"]
[PlyCount "121"]
[Result "1/2-1/2"]

1. a3 e5 2. c4 Nf6 3. d3 c6 4. Nf3 d6 5. Nc3 Be7 6. e3 O-O 7. Be2 Bg4 8. O-O Nbd7 9. h3 Bh5 10. b4 d5 11. cxd5 cxd5 12. Bb2 Rc8 13. Rc1 Re8 14. Nh2 Bxe2 15. Nxe2 Qb6 16. Qd2 Bf8 17. Rxc8 Rxc8 18. Rc1 Rxc1+ 19. Qxc1 Qc6 20. Qc3 a6 21. Ng3 g6 22. Nf3 Qxc3 23. Bxc3 Bd6 24. Kf1 Ne8 25. Ke2 f6 26. Nd2 Nc7 27. a4 Kf7 28. Ngf1 Nb6 29. a5 Nd7 30. Nb1 Nb5 31. Kd2 Nb8 32. Kc2 Nc6 33. d4 Ke6 34. dxe5 fxe5 35. f4 Nxb4+ 36. Bxb4 Bxb4 37. fxe5 Kxe5 38. Nfd2 Bxa5 39. Nb3 Bb6 40. Kd3 Nd6 41. Nc3 Nc4 42. Nd1 a5 43. Nd2 Nd6 44. Nc3 Bc7 45. g4 b5 46. Nf3+ Ke6 47. Nd4+ Ke5 48. Ndxb5 Bb6 49. Nxd6 Kxd6 50. Na4 Ba7 51. e4 Ke5 52. exd5 Kxd5 53. h4 h5 54. gxh5 gxh5 55. Nc3+ Ke5 56. Ne4 Kf4 57. Nf6 Kg3 58. Nxh5+ Kxh4 59. Nf6 Kg5 60. Ne4+ Kf4 61. Nc3 {Game drawn by mutual agreement} 1/2-1/2

[Event "FICS rated blitz game"]
[Site "FICS freechess.org"]
[FICSGamesDBGameNo "20001444"]
[White "humnap"]
[Black "lightfun"]
[WhiteElo "904"]
[BlackElo "1107"]
[WhiteRD "na"]
[BlackRD "na"]
[TimeControl "120+12"]
[Date "1999.08.24"]
[Time "15:28:00"]
[WhiteClock "0:02:00.000"]
[BlackClock "0:02:00.000"]
[ECO "B01"]
[PlyCount "87"]
[Result "1-0"]

1. e4 d5 2. e5 e6 3. d4 Nc6 4. Nf3 h6 5. Nc3 Bb4 6. Bb5 Bxc3+ 7. bxc3 Bd7 8. Be2 Nge7 9. O-O Ng6 10. Bd3 Nge7 11. Be3 f5 12. a4 Ng6 13. g3 a5 14. Rb1 b6 15. Qd2 Rb8 16. h4 Nxh4 17. Nxh4 Rg8 18. c4 g5 19. Ng2 Nb4 20. cxd5 exd5 21. c3 Nxd3 22. Qxd3 Bxa4 23. Qxf5 Bd7 24. Qd3 Qe7 25. f4 Rf8 26. fxg5 hxg5 27. Rxf8+ Kxf8 28. Qf1+ Ke8 29. Qc1 Be6 30. Bxg5 Qf7 31. Nf4 Kd7 32. Nxe6 Kxe6 33. Qf4 Qxf4 34. gxf4 c6 35. Rf1 a4 36. f5+ Kf7 37. f6 a3 38. Ra1 Ra8 39. Kf1 a2 40. Ke1 b5 41. Kd1 Ra3 42. Kc2 Ra7 43. Kb2 Kg6 44. Bc1 {Black resigns} 1-0

[Event "FICS rated blitz game"]
[Site "FICS freechess.org"]
[FICSGamesDBGameNo "20001443"]
[White "WorkAsh"]
[Black "Traff"]
[WhiteElo "1180"]
[BlackElo "1374"]
[WhiteRD "na"]
[BlackRD "na"]
[TimeControl "120+12"]
[Date "1999.08.24"]
[Time "12:49:00"]
[WhiteClock "0:02:00.000"]
[BlackClock "0:02:00.000"]
[ECO "A40"]
[PlyCount "43"]
[Result "1-0"]

1. d4 g5 2. Bxg5 Bg7 3. e3 c5 4. Nf3 Nc6 5. c3 cxd4 6. cxd4 Qb6 7. b3 h6 8. Bh4 Nf6 9. Bc4 Ne4 10. Nbd2 Nc3 11. Qc2 Nb5 12. O-O Nd6 13. Rac1 e6 14. d5 Na5 15. dxe6 dxe6 16. Bd3 Bd7 17. Ne4 Nxe4 18. Bxe4 Nc6 19. Rfd1 Rc8 20. Qd2 Rc7 21. Bg3 e5 22. Bxc6 {Black forfeits on time} 1-0

[Event "FICS rated blitz game"]
[Site "FICS freechess.org"]
[FICSGamesDBGameNo "20001442"]
[White "Desperado"]
[Black "andreasw"]
[WhiteElo "1656"]
[BlackElo "1794"]
[WhiteRD "na"]
[BlackRD "na"]
[TimeControl "300+0"]
[Date "1999.08.24"]
[Time "12:21:00"]
[WhiteClock "0:05:00.000"]
[BlackClock "0:05:00.000"]
[ECO "A47"]
[PlyCount "85"]
[Result "1-0"]

1. d4 Nf6 2. Nf3 e6 3. e3 b6 4. Bd3 Bb7 5. Nbd2 c5 6. O-O cxd4 7. exd4 Nc6 8. c3 d5 9. Re1 h6 10. Qe2 Bd6 11. Bb5 O-O 12. Bxc6 Bxc6 13. Ne5 Bb7 14. Ndf3 Ne4 15. Ng4 a5 16. Nfe5 f5 17. Ne3 Bxe5 18. dxe5 f4 19. Nc2 Qg5 20. f3 Ba6 21. Qd1 Nc5 22. Nd4 Qe7 23. a3 Nd3 24. Bd2 Nxe1 25. Qxe1 Rac8 26. Rc1 Rc4 27. Qf2 Rfc8 28. Re1 Qf7 29. Qh4 Rf8 30. b3 Rc6 31. b4 Rc7 32. b5 Bb7 33. a4 Rc4 34. Ra1 Kh7 35. Qf2 Qg6 36. Qe2 Qc2 37. Nxc2 d4 38. Nxd4 Rfc8 39. Nxe6 Bd5 40. Nd4 Bf7 41. Nc6 Bg6 42. Qxc4 Rxc6 43. Qxc6 {Black resigns} 1-0

[Event "FICS rated blitz game"]
[Site "FICS freechess.org"]
[FICSGamesDBGameNo "20001441"]
[White "Dual"]
[Black "zele"]
[WhiteElo "1736"]
[BlackElo "1882"]
[WhiteRD "na"]
[BlackRD "na"]
[TimeControl "240+4"]
[Date "1999.08.24"]
[Time "12:19:00"]
[WhiteClock "0:04:00.000"]
[BlackClock "0:04:00.000"]
[ECO "E77"]
[PlyCount "88"]
[Result "0-1"]

1. d4 Nf6 2. c4 g6 3. Nc3 Bg7 4. e4 d6 5. f4 O-O 6. Nf3 c5 7. d5 e6 8. Be2 exd5 9. exd5 Nh5 10. O-O Bxc3 11. bxc3 f5 12. Qb3 Ng7 13. Bd2 Na6 14. Rad1 Nc7 15. Rfe1 Bd7 16. Qxb7 a5 17. Qb3 Re8 18. Bd3 Rb8 19. Qa3 Rxe1+ 20. Rxe1 Nce8 21. Ng5 h6 22. Ne6 Nxe6 23. dxe6 Bc6 24. e7 Qc7 25. Be2 Nf6 26. h3 Be4 27. Bf3 Kf7 28. Qa4 Kxe7 29. Bxe4 Nxe4 30. g4 Kf7 31. Qc2 a4 32. gxf5 gxf5 33. Be3 Rg8+ 34. Kh2 a3 35. Qa4 Qb7 36. Qxa3 Nxc3 37. Rg1 Rxg1 38. Bxg1 Qf3 39. Qb2 Qxf4+ 40. Kg2 Ne4 41. Qb3 Qd2+ 42. Kf1 Qf4+ 43. Ke1 Qg3+ 44. Kf1 Nd2+ {White resigns} 0-1

[Event "FICS rated blitz game"]
[Site "FICS freechess.org"]
[FICSGamesDBGameNo "20001440"]
[White "RLBS"]
[Black "ChessRambo"]
[WhiteElo "1607"]
[BlackElo "1698"]
[WhiteRD "na"]
[BlackRD "na"]
[TimeControl "180+0"]
[Date "1999.08.24"]
[Time "09:52:00"]
[WhiteClock "0:03:00.000"]
[BlackClock "0:03:00.000"]
[ECO "D46"]
[PlyCount "103"]
[Result "1-0"]

1. c4 e6 2. e3 d5 3. d4 Nf6 4. Nf3 c6 5. Nc3 Be7 6. Bd3 O-O 7. O-O Nbd7 8. a3 Qc7 9. Rb1 e5 10. dxe5 Nxe5 11. Nxe5 Qxe5 12. cxd5 cxd5 13. f4 Qe6 14. Qf3 Bd7 15. Bd2 Rac8 16. Ne2 Ne4 17. Be1 Bf6 18. Nd4 Bxd4 19. exd4 Rfe8 20. Bxe4 dxe4 21. Qe3 Bb5 22. Rf2 Bd3 23. Ra1 Qb3 24. Bc3 Rxc3 25. bxc3 Qxc3 26. Re1 Qxa3 27. f5 Qe7 28. f6 gxf6 29. Qg3+ Kh8 30. Re3 Qf8 31. Rxf6 Qg7 32. Qf4 Rc8 33. h3 Rc2 34. Rg3 Rc1+ 35. Kh2 Qxg3+ 36. Kxg3 Re1 37. Qb8+ Kg7 38. Qf4 Re3+ 39. Qxe3 Kxf6 40. d5 Ke7 41. Qc5+ Kf6 42. Kf4 b6 43. Qd6+ Kg7 44. g4 h6 45. h4 e3 46. Kxe3 Bf5 47. gxf5 a5 48. Kf4 Kh7 49. h5 a4 50. f6 b5 51. Qf8 b4 52. Qg7# {Black checkmated} 1-0

[Event "FICS rated blitz game"]
[Site "FICS freechess.org"]
[FICSGamesDBGameNo "20001438"]
[White "Tecumseh"]
[Black "Gummiblitz"]
[WhiteElo "1938"]
[BlackElo "2211"]
[WhiteRD "na"]
[BlackRD "na"]
[TimeControl "180+0"]
[Date "1999.08.24"]
[Time "03:32:00"]
[WhiteClock "0:03:00.000"]
[BlackClock "0:03:00.000"]
[ECO "B23"]
[PlyCount "133"]
[Result "1-0"]

1. e4 c5 2. Nc3 Nc6 3. f4 g6 4. Nf3 Bg7 5. Bb5 Nd4 6. Nxd4 cxd4 7. Ne2 e6 8. O-O Ne7 9. Bd3 d6 10. c3 Nc6 11. Kh1 O-O 12. Bb5 Bd7 13. Qa4 a6 14. Bd3 Rc8 15. cxd4 Ne5 16. Qa3 Nxd3 17. Qxd3 Bb5 18. Qe3 Bxe2 19. Qxe2 Bxd4 20. d3 Rc5 21. Be3 Bxe3 22. Qxe3 Qa5 23. d4 Rc7 24. Rfc1 Rfc8 25. a3 Qb6 26. Rxc7 Qxc7 27. h3 d5 28. exd5 exd5 29. Qe5 Qxe5 30. fxe5 Kf8 31. Kh2 Rc2 32. Rb1 Rd2 33. Kg3 Rxd4 34. Rc1 b5 35. Rc6 Rd2 36. Rxa6 Rxb2 37. Ra8+ Kg7 38. Kf4 Rxg2 39. Rb8 Ra2 40. Rxb5 Rxa3 41. Rxd5 Rxh3 42. Rd2 Rh1 43. Rg2 h5 44. Kg5 Rf1 45. Kh4 Re1 46. Rg5 Kh6 47. Rg2 Rxe5 48. Rf2 Re4+ 49. Kh3 f5 50. Kg3 Kg5 51. Kh3 Re3+ 52. Kh2 h4 53. Rg2+ Kh5 54. Rf2 g5 55. Rg2 g4 56. Rf2 Kg5 57. Rf1 g3+ 58. Kg2 Re2+ 59. Kg1 Rh2 60. Rf3 f4 61. Ra3 Kg4 62. Rc3 Kh3 63. Ra3 Rb2 64. Ra1 f3 65. Re1 Rh2 66. Ra1 f2+ 67. Kf1 {Black forfeits on time} 1-0

[Event "FICS rated blitz game"]
[Site "FICS freechess.org"]
[FICSGamesDBGameNo "20001437"]
[White "Nihilist"]
[Black "somebloke"]
[WhiteElo "1456"]
[BlackElo "1347"]
[WhiteRD "na"]
[BlackRD "na"]
[TimeControl "300+0"]
[Date "1999.08.24"]
[Time "02:40:00"]
[WhiteClock "0:05:00.000"]
[BlackClock "0:05:00.000"]
[ECO "B34"]
[PlyCount "68"]
[Result "0-1"]

1. e4 c5 2. Nf3 Nc6 3. d4 cxd4 4. Nxd4 Nf6 5. Nc3 g6 6. Be3 Bg7 7. Be2 O-O 8. O-O d5 9. exd5 Nxd5 10. Nxd5 Ne5 11. c4 b6 12. Rc1 Bb7 13. Nf3 Ng4 14. b3 e6 15. h3 Nxe3 16. Nxe3 Qc7 17. Qc2 Rad8 18. Rfd1 Rde8 19. Rd2 e5 20. Rcd1 Bc6 21. Nd5 Qb7 22. Nb4 e4 23. Nd4 Bxd4 24. Rxd4 e3 25. Nxc6 exf2+ 26. Kxf2 Qxc6 27. Bf3 Qf6 28. h4 Re6 29. h5 Rfe8 30. hxg6 fxg6 31. Kg1 Qg7 32. Bd5 Kf8 33. Bxe6 Rxe6 34. Rd7 Qxd7 {White forfeits on time} 0-1

[Event "FICS rated blitz game"]
[Site "FICS freechess.org"]
[FICSGamesDBGameNo "20001436"]
[White "Kitakawa"]
[Black "Mattingly"]
[WhiteElo "1416"]
[BlackElo "1365"]
[WhiteRD "na"]
[BlackRD "na"]
[TimeControl "300+5"]
[Date "1999.08.23"]
[Time "19:52:00"]
[WhiteClock "0:05:00.000"]
[BlackClock "0:05:00.000"]
[ECO "A42"]
[PlyCount "49"]
[Result "1-0"]

1. e4 g6 2. d4 Bg7 3. c4 d6 4. Nc3 Nc6 5. Be3 Nf6 6. Nf3 Bg4 7. Be2 Qd7 8. O-O O-O-O 9. h3 Bxh3 10. gxh3 Qxh3 11. Ng5 Qh4 12. Nxf7 Nxe4 13. Nxe4 Qxe4 14. Nxh8 Rxh8 15. Bg4+ Kb8 16. d5 Ne5 17. Be6 Nf3+ 18. Kg2 Nh4+ 19. Kh3 Bf6 20. Qg4 Qxg4+ 21. Kxg4 h5+ 22. Kg3 g5 23. f4 gxf4+ 24. Bxf4 Rg8+ 25. Bxg8 {Black resigns} 1-0

[Event "FICS rated blitz game"]
[Site "FICS freechess.org"]
[FICSGamesDBGameNo "20001435"]
[White "LALEMAR"]
[Black "coldheart"]
[WhiteElo "856"]
[BlackElo "1720"]
[WhiteRD "na"]
[BlackRD "na"]
[TimeControl "120+12"]
[Date "1999.08.23"]
[Time "19:30:00"]
[WhiteClock "0:02:00.000"]
[BlackClock "0:02:00.000"]
[ECO "C44"]
[PlyCount "62"]
[Result "0-1"]

1. e4 e5 2. Nf3 Nc6 3. g3 Bc5 4. Bg2 Nf6 5. d3 Ng4 6. O-O Nxf2 7. Qe2 Nxd3+ 8. Be3 Nd4 9. Nxd4 Bxd4 10. Qf3 Bxe3+ 11. Qxe3 Nxb2 12. Qf3 Qe7 13. Nc3 d6 14. Nd5 Qd7 15. h3 c6 16. g4 cxd5 17. exd5 b6 18. Rab1 Nc4 19. Rbd1 Ba6 20. Rf2 Nb2 21. Re1 Nd3 22. Qe4 Nxf2 23. Kxf2 O-O 24. Bf3 f5 25. Qe3 Rae8 26. h4 fxg4 27. Qg5 Rxf3+ 28. Kg2 Ref8 29. h5 Rf2+ 30. Kg3 R8f3+ 31. Kh4 Rh2# {White checkmated} 0-1

[Event "FICS rated lightning game"]
[Site "FICS freechess.org"]
[FICSGamesDBGameNo "20001434"]
[White "Runty"]
[Black "boj"]
[WhiteElo "1794"]
[BlackElo "1603"]
[WhiteRD "na"]
[BlackRD "na"]
[TimeControl "120+0"]
[Date "1999.08.23"]
[Time "19:12:00"]
[WhiteClock "0:02:00.000"]
[BlackClock "0:02:00.000"]
[ECO "C54"]
[PlyCount "84"]
[Result "0-1"]

1. e4 e5 2. Nf3 Nc6 3. Bc4 Bc5 4. c3 Nf6 5. d4 exd4 6. cxd4 Bb4+ 7. Nc3 Nxe4 8. O-O Nxc3 9. bxc3 Bxc3 10. Ba3 Bxa1 11. Re1+ Ne7 12. Rxe7+ Qxe7 13. Bxe7 Kxe7 14. Qxa1 d6 15. d5 Re8 16. Qxg7 Bd7 17. Ng5 Rf8 18. h4 Rae8 19. Qxh7 Ba4 20. Qb1 b6 21. Bb5 Rb8 22. Bxa4 Rh8 23. Qf5 Rbf8 24. Qd7+ Kf6 25. Ne4+ Ke5 26. Qe7+ Kd4 27. Ng5 Rxh4 28. Qxf8 Rg4 29. Qg7+ Kc5 30. Ne6+ Kxd5 31. Qxg4 fxe6 32. f4 e5 33. f5 e4 34. f6 b5 35. f7 bxa4 36. f8=Q Kd4 37. Qd1+ Ke5 38. Qd8 a5 39. Qxc7 a3 40. Qcxd6+ Kf5 41. Q6d5+ Kf6 42. Qe2 e3 {White forfeits on time} 0-1

[Event "FICS rated standard game"]
[Site "FICS freechess.org"]
[FICSGamesDBGameNo "20001433"]
[White "acman"]
[Black "JulianoFaria"]
[WhiteElo "1711"]
[BlackElo "1886"]
[WhiteRD "na"]
[BlackRD "na"]
[TimeControl "1260+0"]
[Date "1999.08.23"]
[Time "17:41:00"]
[WhiteClock "0:21:00.000"]
[BlackClock "0:21:00.000"]
[ECO "A46"]
[PlyCount "94"]
[Result "0-1"]

1. d4 Nf6 2. Nf3 c5 3. e3 cxd4 4. exd4 d5 5. Bd3 Bg4 6. Nbd2 e6 7. O-O Bd6 8. h3 Bh5 9. Re1 O-O 10. c3 Nc6 11. Qc2 Qc7 12. a3 Rab8 13. Be2 b5 14. Bd3 a5 15. b4 axb4 16. axb4 Rfc8 17. Bb2 Nxb4 18. cxb4 Qxc2 19. Bxc2 Rxc2 20. Ba3 Bxf3 21. Nxf3 Ne4 22. Rec1 Rbc8 23. Rxc2 Rxc2 24. Bc1 h6 25. Be3 Bxb4 26. Ra8+ Kh7 27. g3 Bd2 28. Bxd2 Nxd2 29. Kg2 Nxf3 30. Kxf3 b4 31. Rb8 Rb2 32. Rb7 Kg6 33. h4 b3 34. Ke3 Rb1 35. Ke2 b2 36. Rb3 f6 37. Kd2 e5 38. Ke2 e4 39. Rb5 h5 40. Rb3 Kf5 41. Rb7 g5 42. hxg5 fxg5 43. Rb5 Kg4 44. Rb3 h4 45. Rb5 h3 46. f3+ exf3+ 47. Kf2 h2 {White resigns} 0-1

[Event "FICS rated blitz game"]
[Site "FICS freechess.org"]
[FICSGamesDBGameNo "20001431"]
[White "strongking"]
[Black "Ramsed"]
[WhiteElo "1752"]
[BlackElo "1609"]
[WhiteRD "na"]
[BlackRD "na"]
[TimeControl "180+0"]
[Date "1999.08.23"]
[Time "16:00:00"]
[WhiteClock "0:03:00.000"]
[BlackClock "0:03:00.000"]
[ECO "A05"]
[PlyCount "70"]
[Result "0-1"]

1. Nf3 Nf6 2. g3 g6 3. Bg2 Bg7 4. O-O O-O 5. d3 d5 6. Re1 e6 7. Nc3 c5 8. e4 d4 9. Ne2 Nc6 10. Nh4 e5 11. c3 Nh5 12. cxd4 cxd4 13. a3 Be6 14. b4 a6 15. Bd2 b5 16. Rc1 Rc8 17. Rc5 Qb6 18. Qc2 Rc7 19. Rc1 Rfc8 20. f4 exf4 21. Nxf4 Nxf4 22. Bxf4 Nxb4 23. axb4 Rxc5 24. bxc5 Qa7 25. Bd6 a5 26. c6 b4 27. Qa4 b3 28. Rb1 Qb6 29. e5 Bh6 30. Nf3 b2 31. Nxd4 Bc1 32. Kh1 Bg4 33. Bd5 Bd1 34. Qxd1 Qxd4 35. e6 Qxd5+ {White resigns} 0-1

[Event "FICS rated blitz game"]
[Site "FICS freechess.org"]
[FICSGamesDBGameNo "20001430"]
[White "lombard"]
[Black "alms"]
[WhiteElo "1669"]
[BlackElo "1863"]
[WhiteRD "na"]
[BlackRD "na"]
[TimeControl "180+3"]
[Date "1999.08.23"]
[Time "15:25:00"]
[WhiteClock "0:03:00.000"]
[BlackClock "0:03:00.000"]
[ECO "D02"]
[PlyCount "81"]
[Result "1-0"]

1. d4 d5 2. Nf3 Nc6 3. Bf4 Bg4 4. Nbd2 f6 5. h3 Bh5 6. Bh2 e6 7. e3 Bd6 8. Be2 Nge7 9. O-O O-O 10. c4 Bf7 11. cxd5 exd5 12. Rc1 Bxh2+ 13. Nxh2 Qd6 14. Nhf3 Nb8 15. a3 a5 16. Nb3 b6 17. Qd2 Be8 18. Bd3 Ba4 19. Bc2 Bb5 20. Rfd1 Nd7 21. Bb1 a4 22. Na1 Rfc8 23. Qc2 Nf8 24. Nh4 Qd7 25. Qd2 Bc4 26. Nc2 Bb3 27. Nf3 c5 28. dxc5 bxc5 29. Re1 Qe6 30. Na1 Bc4 31. Qc2 Neg6 32. Nd2 Ne5 33. Nxc4 Nxc4 34. e4 Re8 35. Ba2 Nb6 36. Qd2 Qd6 37. Bxd5+ Nxd5 38. exd5 Qxd5 39. Qxd5+ Kh8 40. Rxe8 Rxe8 41. Rxc5 {Black resigns} 1-0